[Event "*** Titled Tuesday Blitz"]
[Site "Chess.com"]
[Date "2020.05.12"]
[Round "9"]
[White "Duong57"]
[Black "djano"]
[Result "1/2-1/2"]
[WhiteElo "2279"]
[BlackElo "2445"]
[TimeControl "180+1"]
[EndTime "11:44:33 PDT"]
[Termination "Game drawn - insufficient material"]

1. d4 Nf6 2. c4 c6 3. Nc3 d5 4.
Nf3 a6 5. a4 Bg4 6. Ne5 Bf5 7.
cxd5 cxd5 8. Qb3 Ra7 9. Bg5 e6 10. e3 Be7 11. Be2 O-O 12. O-O Nbd7 13. f4 Ne8 14.
Bxe7 Qxe7 15. a5 Nd6 16. g4 Be4 17. f5 exf5 18. Nxd5 Qe6 19. gxf5 Qxd5 20. Qxd5 Bxd5 21. Nxd7 Re8 22. Bf3 Bxf3 23. Rxf3 b5 24. Nc5 Nc4 25. b3 Nxe3 26. Re1 Rae7 27. Nxa6 Nxf5 28. Rxe7 Nxe7 29. Nc7 Rc8 30. Nxb5 Nd5 31. Nd6 Ra8 32. Rxf7 Rxa5 33. Rb7 h5 34. Nf5 Ra2 35. Rxg7+ Kf8 36. Rd7 Nf4 37.
b4 Nh3+ 38. Kf1 Rf2+ 39. Ke1 Rxf5 40. Rh7 Kg8 41. Rd7 Nf4 42. Rc7 Ne6 43. Rd7 Nf4 44.
Rc7 h4 45. Kd2 h3 46. Rc5 Rf6 47. b5 Rg6 48. Ke3 Ng2+ 49. Kf2 Nf4 50. Kf3 Nd3 51.
Rh5 Ne1+ 52. Ke2 Ng2 53. Kf3 Rf6+ 54. Kg3 Nf4 55. Rg5+ Kf7 56. Rg4 Ne2+ 57. Kxh3 Ke6 58. Re4+ Kd5 59. Rxe2 Kxd4 60. Rb2 Kc3 61. Rb1 Kc2 62.
Re1 Rf5 63. Kg4 Rxb5 64. h4 Kd2 65. Re7 Rb4+ 66. Kg5 Rb5+ 67. Kg6 Rb6+ 68. Kg7 Rb5 69. h5 Rxh5 70. Rd7+ Ke3 71. Re7+ Kf4 72. Rf7+ Rf5 73.
Rxf5+ Kxf5 1/2-1/2

[Event "*** Titled Tuesday Blitz"]
[Site "Chess.com"]
[Date "2020.05.12"]
[Round "9"]
[White "mbojan"]
[Black "GeorgMeier"]
[Result "1/2-1/2"]
[WhiteElo "2714"]
[BlackElo "3005"]
[TimeControl "180+1"]
[EndTime "11:44:34 PDT"]
[Termination "Game drawn - insufficient material"]

1. e4 e6 2. d4 d5 3. Nc3 dxe4 4. Nxe4 Nd7 5. Nf3 Ngf6 6. Bd3 c5 7. Bg5 cxd4 8. O-O Be7 9. Nxd4 Nxe4 10. Bxe7 Qxe7 11. Bxe4 Nf6 12. Bf3 O-O 13. Re1 Rb8 14. c3 Bd7 15.
Qe2 Rfd8 16. Rad1 Be8 17. Qe5 Qd6 18. Qxd6 Rxd6 19. Nb3 Rxd1 20. Rxd1 b6 21. Nd4 Rc8 22.
Nc6 Bxc6 23. Bxc6 Kf8 24. Bb7 Rc7 25. Bf3 Ke7 26. Kf1 Ne8 27. Ke2 Nd6 28. g3 a5 29.
Rd3 h6 30. b3 b5 31. Kd2 g5 32. Bg2 f5 33. Rd4 e5 34. Rd5 Ke6 35. a4 bxa4 36.
bxa4 e4 37. Rd4 Rc4 38. Bf1 Rxd4+ 39. cxd4 f4 40. Kc3 Kd5 41. Ba6 e3 42. fxe3 fxe3 43.
Be2 Ke4 44. d5 Kxd5 45. Kd3 Nc4 46. Bf3+ Kc5 47. Ke4 Nb6 48. Bd1 e2 49. Bxe2 Nxa4 50. Kf5 Nc3 51. Bd3 a4 52. Bc2 a3 53. Bb3 Kb4 54. Bg8 Nd1 55. Kg6 Ne3 56. Ba2 Kc3 57.
Kxh6 g4 58. Kg5 Kb2 59. Bg8 Nf1 60. Kxg4 Nxh2+ 61. Kf4 Nf1 62. g4 Nd2 63. g5 Nb3 64.
Bxb3 Kxb3 65. g6 a2 66. g7 a1=Q 67. g8=Q+ Kb2 68. Qg7+ Kb1 69. Qxa1+ Kxa1 1/2-1/2

[Event "*** Titled Tuesday Blitz"]
[Site "Chess.com"]
[Date "2020.05.12"]
[Round "9"]
[White "Igor_Lysyj"]
[Black "CaspiIsrael"]
[Result "1-0"]
[WhiteElo "2795"]
[BlackElo "2644"]
[TimeControl "180+1"]
[EndTime "11:44:34 PDT"]
[Termination "Igor_Lysyj won by resignation"]

1. d4 Nf6 2. c4 e6 3. Nf3 d5 4. g3 Be7 5. Bg2 O-O 6. O-O dxc4 7. Ne5 Nc6 8. Bxc6 bxc6 9. Nxc6 Qe8 10. Nxe7+ Qxe7 11. Nc3 c5 12. dxc5 Qxc5 13. Be3 Qc6 14. Qa4 Qxa4 15.
Nxa4 Nd5 16. Bc5 Rd8 17. e4 Bd7 18. exd5 Bxa4 19. dxe6 fxe6 20. Rfe1 Rd5 21. Bb4 Kf7 22. Bc3 Bc2 23. Rac1 Bd3 24. Re3 g5 25. g4 Re8 26.
Rce1 a6 27. Rf3+ Ke7 28. Rf6 Kd6 29. Rf7 Kc6 30. f3 Rd7 31. Rf6 Rd6 32. Bb4 Rd5 33. Rexe6+ Rxe6 34. Rxe6+ Kb5 35. Bc3 Bb1 36. a3 Bc2 37. Kf2 Bd1 38. Re3 Kc6 39. Bf6 Rb5 40. Kg3 Kd6 41. Bc3 Rd5 42. Bb4+ Kc6 43. Re6+ Kb5 44. Rf6 a5 45. Bc3 Ka4 46. Rf5 Rd3 47.
Rxa5+ Kb3 48. Rf5 Be2 49. Kf2 Bd1 50. h3 Bc2 51. Rb5+ Ka2 52. Rb6 Bd1 53. Rf6 Ba4 54. Kg3 Kb3 55. h4 gxh4+ 56. Kxh4 Kc2 57. f4 Bd7 58. f5 Kd1 59. Rf7 Ke2 60. Rxh7 Kf3 61. Re7 Rd1 62. Kg5 Ba4 63. Re1 Rd3 64. f6 Rd5+ 65.
Re5 Rd6 66. f7 Rd4 67. Bxd4 1-0

[Event "*** Titled Tuesday Blitz"]
[Site "Chess.com"]
[Date "2020.05.12"]
[Round "9"]
[White "m_ezat"]
[Black "ljuks68"]
[Result "0-1"]
[WhiteElo "2585"]
[BlackElo "2420"]
[TimeControl "180+1"]
[EndTime "11:44:35 PDT"]
[Termination "ljuks68 won by checkmate"]

1. d4 d5 2. c4 c6 3. Nc3 Nf6 4. cxd5 cxd5 5. Bf4 Nc6 6. e3 Bf5 7. Bb5 e6 8. Nf3 Nd7 9. Qa4 Rc8 10. O-O a6 11.
Bxc6 Rxc6 12. Rac1 Be7 13. Qb3 Qc8 14. Qd1 O-O 15.
h3 b5 16. Qe2 Qb7 17. a3 Rfc8 18. Ne5 Nxe5 19. Bxe5 f6 20. Bf4 Bxa3 21. bxa3 Rxc3 22. Rxc3 Rxc3 23. Qf3 Qc6 24. Qg3 Kh8 25. Bd6 h6 26. Bf8 Qc7 27. Bd6 Qd7 28. Bc5 Qf7 29. Kh2 Qg6 30.
Qd6 Rc2 31. Qxa6 Bd3 32. Qc8+ Kh7 33. Rg1 Rxf2 34. Qxe6 Bf5 35. Qd6 Re2 36. Qg3 Be4 37. Qxg6+ Kxg6 38. Kg3 Rxe3+ 39. Kf2 Rb3 40. Re1 h5 41.
Re2 h4 42. Kg1 Kf5 43. Kf2 g5 44. Kg1 Ke6 45. Rf2 f5 46. Re2 g4 47. Rf2 g3 48.
Rf1 Rb2 49. Re1 Rxg2+ 50. Kf1 Rf2+ 51. Kg1 Rh2 52. Kf1 f4 53. Bb6 f3 54. Rxe4+ dxe4 55. d5+ Kxd5 56. Bg1 Rh1 57. a4 f2 58. Ke2 Rxg1 59. axb5 f1=Q+ 60. Ke3 Qd3+ 61. Kf4 Rf1+ 62. Kg5 e3 63. Kh5 Qf5+ 64. Kxh4 Rf4+ 65. Kxg3 Qg5+ 66. Kh2 Rf2+ 67. Kh1 Qg2# 0-1

[Event "*** Titled Tuesday Blitz"]
[Site "Chess.com"]
[Date "2020.05.12"]
[Round "9"]
[White "GM_LOADING"]
[Black "PauloCesarCosta_sad"]
[Result "0-1"]
[WhiteElo "2428"]
[BlackElo "2209"]
[TimeControl "180+1"]
[EndTime "11:44:35 PDT"]
[Termination "PauloCesarCosta_sad won by checkmate"]

1. e4 e6 2. d4 d5 3. Nc3 Nf6 4.
Bg5 Be7 5. e5 Nfd7 6. Bxe7 Qxe7 7. f4 O-O 8. Qh5 c5 9. Nf3 cxd4 10. Nxd4 Nc6 11. O-O-O Qc5 12. Nf3 Qe3+ 13. Kb1 Qxf4 14. Bd3 g6 15. Qh3 Ndxe5 16. Rhf1 Qg4 17. Qh6 Nxd3 18.
Rxd3 f6 19. h3 Qg3 20. Ne2 Qd6 21. Nf4 Ne5 22. Nxe5 fxe5 23. Rg3 Rxf4 24. Rxg6+ hxg6 25. Qxg6+ Kf8 26. Qh6+ Ke8 27. Qg6+ Kd7 28. Rd1 b6 29. b3 Ba6 30. g3 Rf1 31. Rxf1 Bxf1 32. h4 Rf8 33. h5 Qe7 34. h6 Qf7 35. Qg5 Qf6 36. Qd2 Ba6 37. g4 Rh8 38. g5 Qg6 39. Qe3 Bb7 40.
Qxe5 Rg8 41. Qh2 Qxg5 42. h7 Rh8 43. Qh3 Qg7 44. Qh5 Rxh7 45. Qd1 Qf7 46. a4 Qf5 47. a5 Rf7 48. Qd2 Qf1+ 49. Ka2 Qf6 50. axb6 axb6 51. Qb4 Qe5 52. Qxb6 Bc6 53. Qa7+ Qc7 54. Qc5 Rf4 55. Kb2 Rf7 56. Qd4 Re7 57. Qf6 Qd6 58. Qg5 d4 59. Qa5 d3 60. Qa7+ Qc7 61. Qd4+ Qd6 62. Qa7+ Ke8 63.
cxd3 Kf7 64. Qf2+ Ke8 65. Qa7 Rxa7 66. d4 Qa3+ 67. Kc3 Qa1+ 68. Kc4 Bd5+ 69. Kc5 Bxb3 70. Kd6 Rd7+ 71. Ke5 Rxd4 72. Kf6 Rd3+ 73. Kg6 Rd1 74. Kh7 Qc3 75. Kg6 Qg3+ 76. Kf6 Rf1# 0-1

[Event "*** Titled Tuesday Blitz"]
[Site "Chess.com"]
[Date "2020.05.12"]
[Round "9"]
[White "LazovT"]
[Black "Snegokhod"]
[Result "1-0"]
[WhiteElo "2683"]
[BlackElo "2550"]
[TimeControl "180+1"]
[EndTime "11:44:42 PDT"]
[Termination "LazovT won by checkmate"]

1. e4 c5 2. Nc3 Nc6 3. Bb5 Nd4 4.
Nf3 g6 5. Nxd4 cxd4 6. Ne2 Bg7 7. O-O e6 8. c3 Qb6 9. Ba4 e5 10. cxd4 exd4 11. d3 Ne7 12. f4 O-O 13. f5 d5 14.
fxg6 hxg6 15. Ng3 dxe4 16. Nxe4 Bf5 17. Bb3 Bxe4 18. dxe4 d3+ 19. Kh1 Qd4 20. Bg5 Nc6 21. Bd5 Rae8 22. Qb3 Rxe4 23. Bxe4 Qxe4 24. Rad1 Ne5 25.
Bf4 Rd8 26. Bxe5 Qxe5 27. Rxf7 Qd5 28. Qxd5 Rxd5 29. Rf3 d2 30. Rf2 Bh6 31. g3 Rc5 32. Kg2 Rc2 33. Rb1 Rc1 34. Rf1 Rc2 35. Rfd1 Kf7 36.
Kf3 Ke6 37. Ke2 Ke5 38. Kd3 Rc6 39. b4 Rd6+ 40. Ke2 Ke4 41. Rb3 b5 42. a3 a6 43. h4 Rc6 44. g4 Bf4 45. Rf3 Rc2 46. g5 Ra2 47. Rdf1 Be5 48. Re3+ Kd4 49. Rd3+ Ke4 50.
Re3+ Kd4 51. Rff3 Kd5 52. Rd3+ Bd4 53. Rxd2 Ke4 54. Rxa2 Be5 55. a4 Kd5 56. axb5 axb5 57. Kd3 Bd4 58. Ra5 Be5 59. Rxb5+ Ke6 60. Ke4 Bd6 61.
Rf6+ Kd7 62. Kd5 Bc7 63. Rb7 Kc8 64. Kc6 Bd8 65. Rb8+ Kxb8 66. Rf8 Kc8 67. b5 Kb8 68.
Rxd8+ Ka7 69. b6+ Ka6 70. Ra8# 1-0

[Event "*** Titled Tuesday Blitz"]
[Site "Chess.com"]
[Date "2020.05.12"]
[Round "9"]
[White "AndrewDGreen"]
[Black "MartinMatthiesen"]
[Result "1-0"]
[WhiteElo "2306"]
[BlackElo "2395"]
[TimeControl "180+1"]
[EndTime "11:44:42 PDT"]
[Termination "AndrewDGreen won by checkmate"]

1. e4 c5 2. Nf3 d6 3. Bb5+ Nd7 4. c3 Nf6 5. Bd3 b6 6. O-O Bb7 7. Re1 Rc8 8. a3 c4 9. Bc2 Nc5 10. Ba4+ Nxa4 11. Qxa4+ Bc6 12. Qxc4 Bxe4 13. Qe2 g6 14. d3 Ba8 15. Bg5 Bg7 16. Nbd2 h6 17. Bh4 Rc7 18. Ne4 Nxe4 19. dxe4 O-O 20. Rad1 Qc8 21. e5 Bxf3 22. Qxf3 dxe5 23. Qd5 e6 24. Qd6 f5 25. f3 Rff7 26. Qb4 Kh7 27. Rd8 Qb7 28. Red1 a5 29. Qb5 Rc5 30. Qe8 h5 31. Bg5 Rf8 32.
Qxe6 Rc8 33. R8d7 Qc6 34. Qe7 Rg8 35. Bf6 Rce8 36. Qd6 Qxd6 37. R1xd6 Kh6 38. Bxg7+ Rxg7 39. Rxg7 Kxg7 40. Rxb6 e4 41. fxe4 Rxe4 42. Kf2 Rf4+ 43. Ke2 Re4+ 44. Kf3 a4 45. Rb4 Re1 46. Rxa4 Rf1+ 47.
Ke2 Rg1 48. Kf2 Rd1 49. Rb4 Rd2+ 50. Kf3 g5 51. h3 h4 52. a4 Kg6 53. a5 Kh5 54. a6 g4+ 55. hxg4+ fxg4+ 56. Kf4 Rf2+ 57. Ke3 Rxg2 58. a7 Rg3+ 59. Ke4 Rg1 60. a8=Q Re1+ 61. Kd3 h3 62. Qh8+ Kg5 63. Qg7+ Kf5 64. Qxg4+ Ke5 65. Qg3+ Kd5 66. Qxe1 h2 67. Rd4+ Kc5 68.
Qe5+ Kc6 69. Rd6+ Kc7 70. Qe7+ Kc8 71. Rd8# 1-0

[Event "*** Titled Tuesday Blitz"]
[Site "Chess.com"]
[Date "2020.05.12"]
[Round "9"]
[White "letantha"]
[Black "PowerThinking2650"]
[Result "1/2-1/2"]
[WhiteElo "2158"]
[BlackElo "2275"]
[TimeControl "180+1"]
[EndTime "11:44:42 PDT"]
[Termination "Game drawn - insufficient material"]

1. e4 e5 2. Nf3 Nc6 3. Bc4 Nf6 4. d3 h6 5. c3 d6 6. Bb3 g6 7. Nbd2 Bg7 8. O-O O-O 9. Nc4 d5 10. Ncxe5 Nxe5 11. Nxe5 dxe4 12. Nxg6 Re8 13. dxe4 Qxd1 14. Rxd1 Nxe4 15. f3 Nc5 16. Nf4 Nxb3 17. axb3 c6 18. Kf2 Bf5 19. b4 a6 20. Be3 Rad8 21.
Bb6 Rxd1 22. Rxd1 Be5 23. Nh5 Bg6 24. Ng3 Bxg3+ 25. hxg3 Bf5 26. g4 Be6 27. Rh1 Kg7 28. Bd4+ Kg6 29. Kg3 f5 30. gxf5+ Bxf5 31. Kf2 h5 32.
Rh4 Bd3 33. Be3 Bf5 34. Rd4 Re7 35. Rd6+ Re6 36. Rd8 Kf7 37. Bd4 Bd3 38. Be3 Bf5 39. Rh8 Kg6 40. Bd4 Re7 41. Rg8+ Kf7 42. Rg5 Bg6 43.
Be5 Rd7 44. Bd4 Re7 45. f4 Bd3 46. Be3 h4 47. Rh5 Rd7 48. Rxh4 Be4 49. Bd4 b6 50. Rh6 c5 51. bxc5 bxc5 52. Bxc5 Rd1 53. b4 Bd3 54.
Bd4 Bc4 55. Kg3 Rd3+ 56. Kh4 Bd5 57. Rh7+ Kg6 58. Rg7+ Kh6 59. g4 Rxd4 60. g5+ Kxg7 61. cxd4 Kg6 62. Kg4 Be4 63. f5+ Bxf5+ 64. Kf4 Be6 65.
Ke5 Bc4 66. d5 Kxg5 67. d6 Bb5 68. Ke6 Kf4 69. d7 Bxd7+ 70. Kxd7 Ke5 71. Kc6 Kd4 72. Kb6 Kc4 73. Ka5 Kb3 74. Kxa6 Kxb4 1/2-1/2

[Event "*** Titled Tuesday Blitz"]
[Site "Chess.com"]
[Date "2020.05.12"]
[Round "9"]
[White "MaxVavulin"]
[Black "cukus"]
[Result "0-1"]
[WhiteElo "2618"]
[BlackElo "2525"]
[TimeControl "180+1"]
[EndTime "11:44:44 PDT"]
[Termination "cukus won by resignation"]

1. e4 c6 2. d4 d5 3. Nc3 dxe4 4. Nxe4 Nf6 5. Nxf6+ exf6 6. c3 Bd6 7. Bd3 O-O 8. Qc2 Re8+ 9. Ne2 h5 10. Be3 Nd7 11. O-O-O Nf8 12. Kb1 Be6 13. c4 Rc8 14. Nc3 b5 15.
cxb5 cxb5 16. Bxb5 Re7 17. d5 Bg4 18. Rc1 Qa5 19. Bc6 g6 20. Qa4 Qd8 21. Nb5 Bf5+ 22. Ka1 Be5 23. Bc5 a6 24. Qxa6 Rb8 25. Rhe1 Rc7 26. Rxe5 fxe5 27. Nxc7 Qxc7 28. Qa7 Qd8 29.
Be7 Qc8 30. Bd6 Rb5 31. Rc3 Qd8 32. Bxf8 Ra5 33. Be7 Rxd5 34. Bxd5 Qxd5 35. Rc1 Kg7 36. Qe3 f6 37. Bb4 Be6 38. b3 Bf7 39. Kb2 Qxg2 40. Bc3 Qxh2 41. Rd1 Qg2 42. Rd7 Qc6 43. Re7 g5 44.
Qa7 Qd5 45. Qd7 Qxd7 46. Rxd7 h4 47. Rd1 h3 48. a4 Be8 49. Rh1 g4 50. a5 Bb5 51. Rh2 Kg6 52. Ka3 Kf5 53. Kb4 Bd3 54. Kc5 Kf4 55. Be1 Kf3 56. b4 Ke2 57. Bc3 Kf1 58. b5 Kg1 59. a6 Kxh2 60. a7 Be4 61. b6 Kg2 62. Kd6 h2 63. Kc7 h1=Q 64. b7 Bxb7 65.
Kxb7 Kxf2+ 66. Kb8 g3 67. Bb4 Qc6 68. Bc5+ Kf1 0-1

[Event "*** Titled Tuesday Blitz"]
[Site "Chess.com"]
[Date "2020.05.12"]
[Round "9"]
[White "Semen_Khanin"]
[Black "MITerryble"]
[Result "0-1"]
[WhiteElo "2694"]
[BlackElo "2839"]
[TimeControl "180+1"]
[EndTime "11:44:46 PDT"]
[Termination "MITerryble won by resignation"]

1. e4 g6 2. d4 Bg7 3. Nf3 d6 4. Be3 Nf6 5. Nc3 Nc6 6. d5 Nb8 7. Qd2 c5 8. Bh6 Bxh6 9. Qxh6 Bg4 10. Ng5 a6 11. h3 Bc8 12. O-O-O b5 13. Qg7 Rf8 14.
e5 dxe5 15. d6 e6 16. Be2 Ra7 17. Bf3 Rg8 18. Qh6 Bb7 19. Rhe1 Nbd7 20. Nxh7 Rh8 21. Nxf6+ Qxf6 22. Qe3 Qf4 23. Qxf4 exf4 24. Bxb7 Rxb7 25. Re4 g5 26. a4 Kf8 27. axb5 axb5 28. b3 Rh6 29. f3 Rb6 30. Kb2 f5 31. Re2 Kf7 32.
Red2 Rh8 33. Ra1 Rhb8 34. Ra5 Kf6 35. Nd1 Rc6 36. Ra7 Rd8 37. Nc3 Rb6 38. Rc7 c4 39. Na2 Ne5 40. Nb4 Rbxd6 41. Rxd6 Rxd6 42. Rc5 Rd2 43. Rxb5 Rxg2 44. Rb6 cxb3 45. Kxb3 Nxf3 46. c4 Nd2+ 47. Kc3 Ne4+ 48. Kb3 f3 49. Nd5+ Ke5 50.
Nc7 Nc5+ 51. Kb4 Rb2+ 52. Kxc5 Rxb6 53. Kxb6 f2 54. c5 f1=Q 55. c6 Qc4 56. Nb5 f4 57. c7 f3 58. Na7 Qxc7+ 59. Kxc7 f2 60. Nc6+ Ke4 61. Nd8 f1=Q 62. Nxe6 Qf5 63. Kd6 Qd5+ 64. Ke7 Kf5 65. Ng7+ Ke5 66. Nh5 Qe6+ 67. Kf8 Qh6+ 68. Ng7 Kf6 0-1

[Event "*** Titled Tuesday Blitz"]
[Site "Chess.com"]
[Date "2020.05.12"]
[Round "9"]
[White "GothamChess"]
[Black "heartofatiger"]
[Result "1-0"]
[WhiteElo "2607"]
[BlackElo "2462"]
[TimeControl "180+1"]
[EndTime "11:44:46 PDT"]
[Termination "GothamChess won by resignation"]

1. e4 Nf6 2. e5 Nd5 3. c4 Nb6 4. a4 d6 5. a5 N6d7 6. e6 fxe6 7.
d4 Nf6 8. Bd3 e5 9. dxe5 dxe5 10.
Nc3 Nc6 11. Bg5 e6 12. Nf3 Bb4 13. Qc2 Qe7 14. a6 O-O 15. Bxh7+ Kh8 16. O-O Nd4 17.
Nxd4 exd4 18. Ne2 Qc5 19. Bxf6 gxf6 20. Be4 Rb8 21. Qd3 e5 22. axb7 Be6 23. Ra6 Qe7 24. Ng3 Bd6 25. Rxa7 Rg8 26. Ra8 c5 27. Rfa1 Qg7 28. Rxb8 Bxb8 29. Bf5 Bf7 30. Qe4 Qh6 31. h3 Bxc4 32. Ra8 Qf4 33. Qxf4 exf4 34. Ne4 f3 35. g4 Bd5 36. Nxf6 Bxb7 37. Ra5 Rf8 38. Nd7 Rd8 39. Nxb8 Rxb8 40. Rb5 c4 41. Be4 c3 42.
bxc3 dxc3 43. Bxb7 c2 44. Rc5 Rxb7 45. Rxc2 Kg7 46.
Kh2 Kg6 47. Kg3 Rb3 48. Rc4 Ra3 49. Rf4 Kg5 50. Rxf3 Ra1 51. h4+ Kg6 52. h5+ Kg5 53. Rf5+ Kh6 54. Rb5 Rg1+ 55. Kf3 Rf1 56. Rb6+ Kg7 57.
g5 Kf7 58. Rb7+ Ke6 59. h6 Rh1 60. Kg2 Rh5 61. f4 Kf5 62. Kg3 Rh1 63. Rf7+ Ke4 64. h7 Rg1+ 65. Kh2 Rg2+ 66. Kxg2 Ke3 67. h8=Q Ke4 68.
Qe5+ Kd3 69. Rd7+ Kc4 70. Qe6+ Kc5 71. g6 Kb4 72. g7 Kc5 73. f5 Kb5 74. f6 Kc5 75. f7 Kb5 76. f8=N Kc5 77. g8=N Kb4 78. Qc6 1-0

[Event "*** Titled Tuesday Blitz"]
[Site "Chess.com"]
[Date "2020.05.12"]
[Round "9"]
[White "ZverevLev"]
[Black "Pintacara"]
[Result "1-0"]
[WhiteElo "2130"]
[BlackElo "2289"]
[TimeControl "180+1"]
[EndTime "11:44:47 PDT"]
[Termination "ZverevLev won by checkmate"]

1. e4 c5 2. Nf3 e6 3. d4 cxd4 4. Nxd4 a6 5. Bd3 Bc5 6. Nb3 Ba7 7. Qg4 Nf6 8. Qxg7 Rg8 9. Qh6 Bxf2+ 10. Kf1 Ba7 11.
e5 Nd5 12. Qxh7 Ne7 13. Nc3 d5 14. exd6 Qxd6 15. Ne4 Qb6 16. a4 Rg6 17. a5 Qc6 18.
Bf4 Nd7 19. Nd6+ Kd8 20. Nxf7+ Ke8 21. Bxg6 Qc4+ 22. Ke1 Qxf4 23. Qh8+ Nf8 24. Nd6+ Kd7 25. Ne4 Nexg6 26. Qg7+ Kc6 27. Qc3+ Kd7 28. Rd1+ Ke8 29.
Qd3 Qe3+ 30. Qxe3 Bxe3 31. Nd6+ Ke7 32. Nxc8+ Rxc8 33. c3 Bh6 34. g3 Ne5 35. Ke2 Nfg6 36. Rhe1 Nc4 37. Rb1 e5 38. Kd3 Nd6 39. Rbd1 e4+ 40.
Kc2 Ne5 41. Nd4 Kd7 42. Nf5 Bf8 43. Rxe4 Nc4 44. Nxd6 Nxd6 45. Red4 Rc6 46. g4 Kc7 47. h4 Rc5 48. Rd5 Rc6 49. g5 Kc8 50. h5 Nf7 51. g6 Nd6 52. g7 Bxg7 53. Rxd6 Rc5 54. Rd8+ Kc7 55. R1d7+ Kc6 56. Rxg7 Rxh5 57. Rg6+ Kb5 58.
Rd5+ Kc4 59. Rxh5 b5 60. b3# 1-0

[Event "*** Titled Tuesday Blitz"]
[Site "Chess.com"]
[Date "2020.05.12"]
[Round "9"]
[White "WeAintSurePal"]
[Black "ChessQueen"]
[Result "1/2-1/2"]
[WhiteElo "2351"]
[BlackElo "2594"]
[TimeControl "180+1"]
[EndTime "11:44:48 PDT"]
[Termination "Game drawn by repetition"]

1. d4 Nf6 2. Nf3 e6 3. Bf4 b6 4. e3 Bb7 5. Nbd2 g6 6. c3 Bg7 7. Be2 O-O 8. h3 d6 9. O-O Nbd7 10. Bh2 Qe7 11. a4 a5 12. Re1 e5 13. dxe5 dxe5 14.
Bc4 h6 15. e4 Nh5 16. Qc2 Kh7 17. Rad1 Rad8 18. Bd5 c6 19. Bc4 Nc5 20. Nb3 Bc8 21. Nxc5 Qxc5 22. Bf1 Be6 23. Rxd8 Rxd8 24. Rd1 Rb8 25.
Qd2 b5 26. axb5 cxb5 27. Qd6 Qxd6 28. Rxd6 Nf4 29. Bxf4 exf4 30. Nd4 b4 31. Nxe6 fxe6 32. Rxe6 bxc3 33. bxc3 Bxc3 34. e5 Rb1 35. Re7+ Kg8 36. e6 Kf8 37. Rf7+ Ke8 38. Rxf4 Ke7 39. Re4 Bb4 40.
g3 a4 41. Kg2 a3 42. Bc4 Bd6 43. Re2 Rb4 44. Rc2 g5 45. Bd5 Be5 46. Re2 Bb2 47.
Ba2 Bf6 48. Rd2 Bd4 49. Rc2 Be5 50. Rd2 Bd6 51. Rc2 Rb5 52. Rd2 Rc5 53. Re2 Rc3 54. Rd2 h5 55. Re2 h4 56. gxh4 gxh4 57. Rd2 Rc5 58. Re2 Rb5 59. Kf3 Rb4 60. Kg2 Rf4 61. Rc2 Rb4 62. Re2 Kf6 63. Rd2 Be7 64.
Re2 Kf5 65. Rd2 Kf6 66. Re2 Rd4 67. Rc2 Rd3 68. Re2 Rc3 69. Rd2 Ke5 70. Re2+ Kd6 71. Rd2+ Ke5 72. Re2+ Kf4 73. Rd2 Bf6 74. Re2 Be7 75.
Rd2 Ke5 1/2-1/2

[Event "*** Titled Tuesday Blitz"]
[Site "Chess.com"]
[Date "2020.05.12"]
[Round "9"]
[White "nonsopolo1"]
[Black "Bossche-CM"]
[Result "0-1"]
[WhiteElo "2210"]
[BlackElo "2441"]
[TimeControl "180+1"]
[EndTime "11:44:54 PDT"]
[Termination "Bossche-CM won on time"]

1. e4 c5 2. Nf3 e6 3. d3 d5 4.
Nbd2 Nc6 5. g3 Bd6 6. Bg2 Nf6 7. O-O O-O 8. Re1 dxe4 9. dxe4 e5 10. c3 Be6 11. Qe2 Qd7 12. Ng5 Rad8 13. Nxe6 Qxe6 14. Nc4 Bc7 15. Bg5 Rd7 16. Ne3 Ne7 17. b3 Rfd8 18.
Rad1 h6 19. Bxf6 Qxf6 20. Rxd7 Rxd7 21. Rd1 Rxd1+ 22. Qxd1 Qd6 23. Qe2 a6 24. a4 Qe6 25.
Qc2 b5 26. axb5 axb5 27. Nd5 Nxd5 28. exd5 Qa6 29. Qd1 Bd6 30. Bf1 Qa5 31. Qd3 b4 32. cxb4 cxb4 33. Qe4 Qa2 34. Bc4 Bc5 35. Qf3 e4 36.
Qf4 e3 37. fxe3 Qd2 38. Qf1 Bxe3+ 39. Kh1 Qf2 40. Qxf2 Bxf2 41. Kg2 Bc5 42. h3 Kf8 43. Kf3 Ke7 44. Ke4 Kd6 45. g4 Bf2 46. Kf5 Bh4 47. Ke4 g6 48. Bd3 Be7 49. Bc4 Bd8 50. Bd3 Bb6 51. Bc4 Bc7 52. Bd3 Kc5 53. Bc4 Bd6 54. Bd3 Kb6 55. Bc4 Kc7 56. Bd3 Kd7 57. Bc4 Ke7 58. Bd3 Kf6 59. Bc4 Kg5 60. Kf3 f5 61.
gxf5 gxf5 62. Bd3 Kf6 63. Bc4 Ke5 64. Ke3 Bc5+ 65. Kf3 Bb6 66. Ke2 Kf4 67. d6 Kg3 68.
Be6 f4 69. Bg4 Bc5 70. d7 Bb6 71. Kd3 f3 0-1

[Event "*** Titled Tuesday Blitz"]
[Site "Chess.com"]
[Date "2020.05.12"]
[Round "9"]
[White "Future2700"]
[Black "Nikolaj_6"]
[Result "0-1"]
[WhiteElo "2430"]
[BlackElo "2569"]
[TimeControl "180+1"]
[EndTime "11:44:55 PDT"]
[Termination "Nikolaj_6 won on time"]

1. e4 c5 2. Nf3 d6 3. d4 cxd4 4. Nxd4 Nf6 5. Nc3 a6 6. g3 e5 7. Nde2 Be7 8. Bg2 O-O 9. a4 Be6 10. O-O Nbd7 11. h3 b5 12. axb5 axb5 13. Rxa8 Qxa8 14. Nxb5 Rc8 15. Nbc3 Nc5 16. Nd5 Bxd5 17. exd5 Bd8 18. c4 Qb7 19. Nc3 Qb4 20. Nb5 Ne8 21. Qe2 Nb3 22. Na7 Qxc4 23. Qxc4 Rxc4 24. Be3 h6 25. Nc6 Bg5 26. Bxg5 hxg5 27. Rd1 Rc2 28. Rb1 Nd2 29. Ra1 Nf6 30. b4 Rb2 31. Ra8+ Kh7 32.
Ra7 e4 33. Rxf7 Nxd5 34. Rd7 Nxb4 35. Nxb4 Rxb4 36. Rxd6 Rb1+ 37. Kh2 Re1 38. Rxd2 e3 39. fxe3 Rxe3 40. Rd4 Kh6 41. Rd6+ g6 42. Rd7 g4 43. h4 g5 44. Rd6+ Kh5 45. hxg5 Kxg5 46. Rd5+ Kf6 47. Rd4 Kg5 48. Rd5+ Kf6 49. Ra5 Rc3 50.
Kg1 Rxg3 51. Kf2 Rd3 52. Ra4 g3+ 53. Ke2 Rc3 54. Rg4 Kf5 55. Rg8 Kf4 56. Rf8+ Kg4 57. Bf3+ Kg5 58. Rg8+ Kf4 59. Rg4+ Kf5 60. Rxg3 Rc7 61.
Rg8 Re7+ 62. Kf2 Rc7 63. Ra8 Kf4 64. Ra4+ Kf5 65. Kg3 Rg7+ 66. Bg4+ Ke5 67. Kf3 Rf7+ 68. Ke3 Rg7 69. Ra5+ Kd6 70. Kf4 Rb7 71. Bf5 Rb4+ 72. Be4 Rb2 73. Rd5+ Ke6 74. Rc5 Rf2+ 75. Bf3 Kd6 76. Rc6+ Kd7 77. Rh6 Ke7 78. Ke4 Ra2 79.
Ke5 Kf7 80. Be4 Ra5+ 81. Bd5+ Kg7 82. Rh1 Rb5 83. Rg1+ Kh6 0-1

[Event "*** Titled Tuesday Blitz"]
[Site "Chess.com"]
[Date "2020.05.12"]
[Round "9"]
[White "FedaMaster"]
[Black "LionTheLeon_06"]
[Result "1-0"]
[WhiteElo "2559"]
[BlackElo "2657"]
[TimeControl "180+1"]
[EndTime "11:45:01 PDT"]
[Termination "FedaMaster won on time"]

1. e4 c5 2. Nf3 d6 3. d4 cxd4 4.
Nxd4 Nf6 5. f3 a6 6. c4 e6 7. Nc3 Nbd7 8. Be3 b6 9. Qd2 Bb7 10. Be2 Be7 11. O-O O-O 12. Rfc1 Rc8 13. a4 Re8 14. a5 bxa5 15. Nb3 a4 16. Nxa4 Qc7 17. Qa5 Qb8 18. Nb6 Nxb6 19. Qxb6 Bd8 20. Qa7 Bc7 21. Na5 Ba8 22. Qxb8 Rxb8 23. Rc2 Rec8 24. Bd3 d5 25. cxd5 exd5 26. Rac1 dxe4 27. Bxe4 Bxe4 28. Rxc7 Rxc7 29. Rxc7 Bd5 30. Ba7 Re8 31. Bd4 h5 32. Bxf6 gxf6 33. Rc5 Rd8 34. Kf2 Kg7 35. b4 Rd6 36. Ke3 Kg6 37.
h4 Be6 38. Rc6 Rxc6 39. Nxc6 Kf5 40. g3 Bc4 41. Nd4+ Ke5 42. Nc2 f5 43. f4+ Kf6 44. Nd4 Bf1 45. Nc6 Ke6 46. Nd8+ Ke7 47. Nc6+ Ke6 48.
Ne5 Bb5 49. Kd4 Kd6 50. Nf3 f6 51. Nd2 Be2 52. Nb1 Bb5 53. Nc3 Bc6 54. Ne2 Bb5 55. Nc3 Bc6 56. Nd1 Bb5 57. Ne3 Bd7 58. Nc4+ Ke6 59. Nb6 Bb5 60. Nd5 Bf1 61. Nc7+ Kd6 62. Nd5 Ke6 63. Kc5 Be2 64. Nc7+ Kd7 65. Nd5 Ke6 66. Ne3 Bd3 67. Kd4 Be2 68. Nc2 Bb5 69.
Kc5 Bd3 70. Nd4+ Kf7 71. Kb6 Ke7 72. Nb3 Kd6 73. Nc5 Be2 74. Nxa6 Kd5 75. Nc5 Kd4 76. Nd7 1-0

[Event "*** Titled Tuesday Blitz"]
[Site "Chess.com"]
[Date "2020.05.12"]
[Round "9"]
[White "Buffy7"]
[Black "guillembaches"]
[Result "0-1"]
[WhiteElo "2648"]
[BlackElo "2436"]
[TimeControl "180+1"]
[EndTime "11:45:01 PDT"]
[Termination "guillembaches won by checkmate"]

1. d4 Nf6 2. c4 e6 3. Nf3 d5 4. g3 c5 5. Bg2 dxc4 6. O-O Nc6 7. Na3 cxd4 8. Nxc4 Be7 9. Qb3 O-O 10. Rd1 Bc5 11. Nfe5 Nxe5 12. Nxe5 Qe7 13. Bf4 Rd8 14. Rac1 Bb6 15.
Nc4 Bc5 16. a3 h6 17. Qb5 Nd5 18. Be5 a6 19. Qb3 Ba7 20. Bxd4 Bxd4 21. Rxd4 b5 22. Na5 Bd7 23. Rcd1 Be8 24. e4 Nb6 25. e5 Rxd4 26. Rxd4 Rd8 27. Qd3 Rxd4 28. Qxd4 Qc7 29. Be4 Nd7 30.
Nc6 Nf8 31. Nb4 Nd7 32. Nc6 Nf8 33. Qd6 Qxd6 34. exd6 f5 35. Bd3 Kf7 36. Ne5+ Kf6 37. f4 Nd7 38. Nf3 e5 39. fxe5+ Nxe5 40. Nxe5 Kxe5 41.
Kf2 Kxd6 42. Ke3 g6 43. h4 Bd7 44. Kf4 a5 45. b3 b4 46. axb4 axb4 47. Bc4 Be6 48. Bb5 Bxb3 49. Be8 g5+ 50. hxg5 hxg5+ 51. Kxg5 Ke5 52. Bg6 Be6 53. Bh5 b3 54. Bd1 b2 55.
Bc2 Bd7 56. Bb1 Kd4 57. Kf4 Kc3 58. Ke3 Be6 59. Ke2 Bd7 60. Ke3 Bc8 61. Kf4 Be6 62. Ke3 Bb3 63. Bxf5 Bc2 64. g4 b1=Q 65. Kf4 Qf1+ 66.
Ke5 Bxf5 67. gxf5 Qa6 68. f6 Qc8 69. f7 Qf8 70. Kf6 Kc4 71. Ke6 Kc5 72. Ke5 Kc6 73.
Kf6 Kd7 74. Kf5 Qxf7+ 75. Ke5 Qe6+ 76. Kd4 Kd6 77. Kc3 Qe5+ 78. Kb4 Kd5 79. Kb3 Qd4 80.
Kc2 Kc4 81. Kb1 Qf2 82. Kc1 Kc3 83. Kd1 Qf1# 0-1